[Event "Titled Tuesday Blitz January 03 Early 2023"]
[White "Eljanov, Pavel"]
[Black "Fernandez Guillen, Ernesto J."]
[WhiteFideId "14102951"]
[BlackFideId "3512428"]
[WhiteElo "2705"]
[BlackElo "2477"]
[Result "0-1"]
[Round "03"]
[TimeControl "180+2"]
[Date "2023.01.03"]
[WhiteClock "0:00:02"]
[BlackClock "0:01:08"]

1. e4 e5 2. Nf3 Nc6 3. Bc4 g6 4. d4 exd4 5. Nxd4 Bg7 6. Nxc6 bxc6 7. Nc3 Ne7 8. O-O O-O 9. Bg5 h6 10. Be3 Kh7 11. Bd4 f6 12. Bb3 d6 13. Ne2 c5 14. Bc3 Ba6 15. Nf4 c4 16. Ba4 Qc8 17. Re1 Rb8 18. Nd5 Nxd5 19. exd5 Rf7 20. Re6 Bb5 21. Bxb5 Rxb5 22. Qf3 f5 23. Bxg7 Rxg7 24. b3 Qb7 25. Rd1 a5 26. h4 h5 27. bxc4 Rb1 28. Kh2 Rxd1 29. Qxd1 Qb2 30. a4 Qb4 31. Qe2 Qxa4 32. Re7 Qa1 33. c5 a4 34. cxd6 cxd6 35. Qe6 a3 36. Qxd6 a2 37. Re8 Qd4 38. Qf8 Qxh4+ 39. Kg1 a1=Q+ 0-1


[Site "https://www.chess.com"]

[Event "Titled Tuesday Blitz January 03 Early 2023"]
[White "Kadric, Denis"]
[Black "Terry, Renato"]
[WhiteFideId "14403803"]
[BlackFideId "3803457"]
[WhiteElo "2601"]
[BlackElo "2520"]
[Result "1-0"]
[Round "03"]
[TimeControl "180+2"]
[Date "2023.01.03"]
[WhiteClock "0:00:19"]
[BlackClock "0:00:04"]

1. e4 e6 2. d3 d5 3. Nd2 Nf6 4. e5 Nfd7 5. f4 c5 6. Ndf3 Nc6 7. g3 Be7 8. Bg2 g5 9. Nxg5 Ndxe5 10. N1h3 h6 11. Qh5 Bf6 12. Nxe6 Bxe6 13. fxe5 Nxe5 14. Nf2 Qa5+ 15. Bd2 Qb6 16. O-O O-O-O 17. Bc3 d4 18. Bd2 Rdg8 19. b3 Bg5 20. Ne4 Kb8 21. Bh3 Bxd2 22. Qxe5+ Ka8 23. Bxe6 Be3+ 24. Kg2 fxe6 25. Rf6 Re8 26. Raf1 a6 27. a4 h5 28. h4 Rhg8 29. Qxh5 c4 30. bxc4 Qb2 31. Qe2 Qa3 32. Rf7 Qxa4 33. Qf3 Qxc2+ 34. Kh3 Rb8 35. Nc5 Qb2 36. Nxa6 Qb6 37. Nc7+ Ka7 38. Ra1+ 1-0


[Site "https://www.chess.com"]

[Event "Titled Tuesday Blitz January 03 Early 2023"]
[White "Molina, Roberto Junio Brito"]
[Black "Lavrik, Dmitry"]
[WhiteFideId "2109450"]
[BlackFideId "24113190"]
[WhiteElo "2403"]
[BlackElo "2414"]
[Result "1-0"]
[Round "03"]
[TimeControl "180+2"]
[Date "2023.01.03"]
[WhiteClock "0:01:30"]
[BlackClock "0:00:13"]

1. d4 d5 2. c4 e6 3. Nc3 c6 4. e3 Nd7 5. Nf3 f5 6. Qc2 Bd6 7. Bd3 Nh6 8. Bd2 O-O 9. h3 Nf6 10. O-O-O Ne4 11. Be1 Bd7 12. Kb1 Rb8 13. Ne5 b5 14. cxb5 cxb5 15. f3 b4 16. Nxe4 dxe4 17. fxe4 Bxe5 18. dxe5 Qa5 19. exf5 Qxe5 20. f6 Rxf6 21. Bxh7+ Kh8 22. Rxd7 a5 23. Be4 a4 24. Bf3 b3 25. axb3 axb3 26. Qc7 Qb5 27. Bc3 Rf7 28. Rd8+ Rxd8 29. Qxd8+ Kh7 30. Rd1 Nf5 31. Qd3 Qa4 32. g4 Ra7 33. Kc1 1-0


[Site "https://www.chess.com"]

[Event "Titled Tuesday Blitz January 03 Early 2023"]
[White "Xu, Yi"]
[Black "Aradhya, Garg"]
[WhiteFideId "8605564"]
[BlackFideId "25006746"]
[WhiteElo "2527"]
[BlackElo "2284"]
[Result "1-0"]
[Round "03"]
[TimeControl "180+2"]
[Date "2023.01.03"]
[WhiteClock "0:00:18"]
[BlackClock "0:00:01"]

1. e4 e5 2. Nf3 Nc6 3. Bc4 Nf6 4. d3 Bc5 5. O-O O-O 6. c3 d5 7. exd5 Nxd5 8. Re1 Bg4 9. a4 a5 10. Nbd2 Nb6 11. h3 Bh5 12. Bb5 Bd6 13. Ne4 f5 14. Ng3 Bxf3 15. Qxf3 Qd7 16. Be3 e4 17. Qe2 f4 18. Bxb6 cxb6 19. Nxe4 f3 20. Qf1 fxg2 21. Qxg2 Kh8 22. Nxd6 Qxd6 23. Bxc6 bxc6 24. Re3 Rae8 25. Rae1 Rxe3 26. Rxe3 h6 27. Qg3 Qd7 28. b3 Rf6 29. Rf3 Re6 30. Qf4 Kh7 31. Qf5+ Rg6+ 32. Kf1 Qxf5 33. Rxf5 Re6 34. Rf4 Kg6 35. Re4 Rd6 36. Ke2 Kf6 37. Ke3 g5 38. f4 b5 39. fxg5+ hxg5 40. h4 gxh4 41. Rxh4 Ke7 42. Rh7+ Kd8 43. axb5 1-0


[Site "https://www.chess.com"]

[Event "Titled Tuesday Blitz January 03 Early 2023"]
[White "Dragnev, Valentin"]
[Black "Yeletsky, Ivan"]
[WhiteFideId "1634852"]
[BlackFideId "24180327"]
[WhiteElo "2593"]
[BlackElo "2494"]
[Result "1/2-1/2"]
[Round "03"]
[TimeControl "180+2"]
[Date "2023.01.03"]
[WhiteClock "0:00:10"]
[BlackClock "0:00:16"]

1. e4 c6 2. Nc3 d5 3. Nf3 dxe4 4. Nxe4 Nf6 5. Nxf6+ exf6 6. Bc4 Bd6 7. Qe2+ Be7 8. O-O O-O 9. Re1 Re8 10. d4 Na6 11. Nh4 Nc7 12. Qh5 Be6 13. Bd3 g6 14. Nxg6 fxg6 15. Bxg6 hxg6 16. Qxg6+ Kh8 17. Re3 Bd6 18. Re4 Bg4 19. Qh6+ Kg8 20. Rxg4+ Kf7 21. Qh7+ Ke6 22. c4 Re7 23. Re4+ Kd7 24. Qf5+ Ke8 25. Qh5+ Kd7 26. Qg4+ Ke8 27. Qh5+ Kd7 28. Qh3+ Ke8 29. Qh5+ 1/2-1/2


[Site "https://www.chess.com"]

[Event "Titled Tuesday Blitz January 03 Early 2023"]
[White "Tang, Andrew"]
[Black "Vaibhav, Suri"]
[WhiteFideId "2059630"]
[BlackFideId "5045185"]
[WhiteElo "2523"]
[BlackElo "2595"]
[Result "1-0"]
[Round "03"]
[TimeControl "180+2"]
[Date "2023.01.03"]
[WhiteClock "0:00:06"]
[BlackClock "0:00:04"]

1. d4 d5 2. Bf4 Nf6 3. e3 e6 4. Nf3 Bd6 5. Nbd2 O-O 6. c3 c5 7. Bd3 Bxf4 8. exf4 Qb6 9. Rb1 Bd7 10. dxc5 Qxc5 11. Nb3 Qc7 12. Qd2 Nc6 13. O-O Rad8 14. Rfe1 Bc8 15. Nbd4 b6 16. Ne5 Ne7 17. Qe3 Bb7 18. Qh3 Ng6 19. Nxe6 fxe6 20. Qxe6+ Rf7 21. Nxg6 hxg6 22. Bxg6 Bc8 23. Bxf7+ Qxf7 24. Qe5 Bb7 25. h3 Re8 26. Qd4 Ne4 27. f3 Nd6 28. Re5 Rf8 29. Rg5 Nf5 30. Qe5 Bc8 31. Re1 Bd7 32. g4 Nh4 33. Kf2 Ng6 34. Qxd5 Nxf4 35. Qxf7+ Rxf7 36. Kg3 Nd3 37. Re2 Bc6 38. Rf5 Rxf5 39. gxf5 Kf7 40. b3 Nc5 41. h4 a5 42. Kf4 a4 43. b4 Nd7 44. a3 b5 45. Rd2 Nb6 46. Rd6 Nd5+ 47. Ke5 Nxc3 48. Rxc6 Nb1 49. Rc7+ Kg8 50. f6 gxf6+ 51. Kxf6 Nxa3 52. Kg6 Kf8 53. h5 Nc4 54. f4 a3 55. h6 a2 56. Ra7 Na3 57. Rxa3 1-0


[Site "https://www.chess.com"]

[Event "Titled Tuesday Blitz January 03 Early 2023"]
[White "Bashirli, Nail"]
[Black "Babazada, Khazar"]
[WhiteFideId "13406809"]
[BlackFideId "13413554"]
[WhiteElo "2326"]
[BlackElo "2474"]
[Result "0-1"]
[Round "03"]
[TimeControl "180+2"]
[Date "2023.01.03"]
[WhiteClock "0:00:10"]
[BlackClock "0:00:29"]

1. e4 e5 2. Nf3 Nc6 3. Bb5 a6 4. Ba4 Nf6 5. Nc3 Bc5 6. O-O d6 7. d4 exd4 8. Nxd4 Bd7 9. Nf5 O-O 10. Bg5 Bxf5 11. exf5 h6 12. Bh4 d5 13. Bb3 d4 14. Nd5 Be7 15. Nxe7+ Qxe7 16. Re1 Qd6 17. Qf3 Rfe8 18. h3 Na5 19. Bg3 Qd7 20. Be5 Nxb3 21. axb3 c5 22. Bxf6 gxf6 23. Qf4 Kh7 24. Rad1 Rg8 25. g4 Rae8 26. f3 Qd5 27. Kf2 Re5 28. c4 Qd6 29. Rxe5 Qxe5 30. Qe4 Qh2+ 31. Ke1 Qxb2 32. Rd3 Qc1+ 33. Kf2 Qc2+ 34. Kg3 Kg7 35. h4 Re8 36. Qxe8 Qxd3 37. Qd8 Qe3 38. g5 hxg5 39. h5 g4 40. h6+ Qxh6 41. fxg4 Qe3+ 42. Kh4 d3 0-1


[Site "https://www.chess.com"]

[Event "Titled Tuesday Blitz January 03 Early 2023"]
[White "Arabidze, Meri"]
[Black "Zhigalko, Sergei"]
[WhiteFideId "13604040"]
[BlackFideId "13502956"]
[WhiteElo "2441"]
[BlackElo "2572"]
[Result "1/2-1/2"]
[Round "03"]
[TimeControl "180+2"]
[Date "2023.01.03"]
[WhiteClock "0:00:15"]
[BlackClock "0:00:04"]

1. d4 Nf6 2. c4 e6 3. Nf3 b6 4. g3 Ba6 5. Qa4 Bb7 6. Bg2 c5 7. dxc5 bxc5 8. O-O Be7 9. Nc3 O-O 10. Bf4 Qb6 11. Rfd1 Rd8 12. Rd2 d6 13. Rad1 h6 14. h3 Ne8 15. g4 Nd7 16. Qb5 Qc7 17. Qb3 a6 18. Qc2 Bc6 19. b3 Qb7 20. Ne1 Bxg2 21. Nxg2 Ndf6 22. Bg3 Rac8 23. Ne3 Qc6 24. Qb1 Rd7 25. Qd3 Rcd8 26. Qc2 Bf8 27. Bh4 Rc8 28. Bg3 Be7 29. Bh4 Rcd8 30. Bg3 Nh7 31. Qe4 Qc8 32. Qg2 Bg5 33. Rd3 Bf6 34. Na4 Qc7 35. h4 Qa5 36. Qc6 Be7 37. Qb6 Qxb6 38. Nxb6 Rb7 39. Na4 Rc8 40. Kg2 Nhf6 41. Kh3 Ne4 42. f3 Nxg3 43. Kxg3 g6 44. Nc3 Kg7 45. Ne4 Rb6 46. Nc3 Rbc6 47. Ne4 Rb8 48. g5 Rd8 49. f4 h5 50. Nc3 Nc7 51. Kf3 Kf8 52. Nc2 f5 53. e4 fxe4+ 54. Kxe4 Ke8 55. Kf3 Na8 56. Ne3 Nb6 57. Ne4 Nc8 58. Nc3 Rc7 59. Ne4 Rc6 60. Nc3 Rc7 61. Ne4 Rcd7 62. Nc3 Nb6 63. Ke4 Kf7 64. Kf3 Ke8 65. Ke4 Kf7 66. Kf3 Bf8 67. Ke4 Bg7 68. Kf3 Bd4 69. Nc2 Bg7 70. Ne4 Bf8 71. Ne3 Be7 72. Nc3 1/2-1/2


[Site "https://www.chess.com"]

[Event "Titled Tuesday Blitz January 03 Early 2023"]
[White "Skvortsov, Andrei"]
[Black "Ohanyan, Emin"]
[WhiteFideId "24108600"]
[BlackFideId "13312022"]
[WhiteElo "2313"]
[BlackElo "2444"]
[Result "0-1"]
[Round "03"]
[TimeControl "180+2"]
[Date "2023.01.03"]
[WhiteClock "0:00:09"]
[BlackClock "0:00:06"]

1. e4 e5 2. d4 exd4 3. Qxd4 Nc6 4. Qd3 Nf6 5. Nc3 Bb4 6. Bd2 O-O 7. O-O-O Re8 8. Nge2 Ng4 9. Qg3 d6 10. h3 Nge5 11. Bg5 f6 12. Bf4 Be6 13. a3 Bc5 14. Nd5 Bxd5 15. exd5 Ne7 16. Qb3 Bxf2 17. Qxb7 Rb8 18. Qa6 Nf5 19. Nc3 Ng6 20. Bd2 Ng3 21. Bb5 Nxh1 22. Bxe8 Qxe8 23. Rxh1 Nh4 24. Rf1 Bb6 25. g3 Ng6 26. Qc4 Ne5 27. Qe4 Qh5 28. g4 Qxh3 29. Rh1 Qxg4 30. Qxh7+ Kf7 31. Kb1 Bd4 32. Ka2 Qg6 33. Qh3 Qg4 34. Qf1 Bxc3 35. Bxc3 Qc4+ 36. Qxc4 Nxc4 37. Bd4 Nb6 38. b3 Nxd5 39. Bxa7 Ra8 40. Bd4 g5 41. c4 Nb4+ 42. Kb2 Nc6 43. Bc3 Kg6 44. b4 f5 45. Kb3 f4 46. a4 g4 47. Rh4 Kg5 48. Rh7 g3 49. Rxc7 f3 50. Rg7+ Kf4 51. Bd2+ Ke4 52. Rxg3 Nd4+ 53. Kb2 f2 54. Rg4+ Kd3 55. Rf4 Kxd2 56. Rxf2+ Ke3 57. Rf6 Rxa4 58. Rxd6 Rxb4+ 59. Kc3 Rb3# 0-1


[Site "https://www.chess.com"]

[Event "Titled Tuesday Blitz January 03 Early 2023"]
[White "Sethuraman, S.P."]
[Black "Mustafayev, Farid"]
[WhiteFideId "5021596"]
[BlackFideId "13408771"]
[WhiteElo "2626"]
[BlackElo "2316"]
[Result "1-0"]
[Round "03"]
[TimeControl "180+2"]
[Date "2023.01.03"]
[WhiteClock "0:00:52"]
[BlackClock "0:00:48"]

1. c4 c5 2. Nc3 Nf6 3. Nf3 e6 4. d4 cxd4 5. Nxd4 a6 6. g3 Nc6 7. Bg2 Be7 8. O-O O-O 9. Nb3 b6 10. Nd5 exd5 11. cxd5 Bb7 12. d6 Re8 13. dxe7 Qxe7 14. Be3 Na5 15. Bxb7 Nxb7 16. Bxb6 Qxe2 17. Qxe2 Rxe2 18. Bd4 Nd6 19. Rfd1 Nb5 20. Bxf6 gxf6 21. Rab1 Rc8 22. a4 Nc7 23. Nd4 Re5 24. Rbc1 Rd5 25. b3 Kf8 26. Rc4 Ke8 27. Rd3 Kd8 28. Rf3 Ne8 29. Rxc8+ Kxc8 30. Nf5 Nd6 31. Ne7+ 1-0


[Site "https://www.chess.com"]

[Event "Titled Tuesday Blitz January 03 Early 2023"]
[White "Harsha Bharathakoti"]
[Black "Shuvalova, Polina"]
[WhiteFideId "5078776"]
[BlackFideId "24171760"]
[WhiteElo "2602"]
[BlackElo "2484"]
[Result "0-1"]
[Round "03"]
[TimeControl "180+2"]
[Date "2023.01.03"]
[WhiteClock "0:00:02"]
[BlackClock "0:00:22"]

1. c4 e6 2. Nc3 d5 3. d4 Nf6 4. cxd5 Nxd5 5. Nf3 c5 6. e3 cxd4 7. exd4 Bb4 8. Bd2 O-O 9. Bd3 Nc6 10. O-O Be7 11. a3 Bf6 12. Be3 g6 13. Qe2 Bg7 14. Nxd5 exd5 15. h3 Re8 16. Qd2 Be6 17. b4 Qd7 18. b5 Ne7 19. Ne5 Qd6 20. Bf4 Qb6 21. Be2 Nf5 22. Rfd1 Rac8 23. a4 Nd6 24. a5 Qd8 25. a6 b6 26. Nc6 Qd7 27. Bxd6 Qxd6 28. Nxa7 Ra8 29. Nc6 Bd7 30. Rdc1 Rac8 31. Ne5 Bxe5 32. dxe5 Qxe5 33. Bf1 d4 34. Re1 Qd5 35. Rxe8+ Rxe8 36. a7 Ra8 37. Be2 Bf5 38. Qf4 Qd7 39. Bf3 Rxa7 40. Qb8+ Kg7 41. Qxa7 Qxb5 42. Qa4 Qc5 43. Qa3 Qc3 44. Qd6 Qxa1+ 45. Kh2 d3 46. g4 Be6 47. Qxd3 Qe5+ 48. Kg2 b5 49. Be2 Bc4 0-1


[Site "https://www.chess.com"]

[Event "Titled Tuesday Blitz January 03 Early 2023"]
[White "Kozak, Adam"]
[Black "Rostomyan, Mikayel"]
[WhiteFideId "753246"]
[BlackFideId "13313754"]
[WhiteElo "2572"]
[BlackElo "2222"]
[Result "1-0"]
[Round "03"]
[TimeControl "180+2"]
[Date "2023.01.03"]
[WhiteClock "0:00:42"]
[BlackClock "0:00:03"]

1. c4 e5 2. Nc3 Bb4 3. Nf3 Bxc3 4. dxc3 d6 5. e4 Ne7 6. Be2 Nbc6 7. O-O O-O 8. Be3 f5 9. exf5 Nxf5 10. Qd2 Nxe3 11. Qxe3 Qf6 12. Rad1 b6 13. b4 a5 14. a3 axb4 15. axb4 Ne7 16. c5 bxc5 17. bxc5 Ba6 18. cxd6 cxd6 19. Bxa6 Rxa6 20. c4 Rc6 21. Nd2 Qf4 22. Qd3 Kh8 23. Ne4 Nf5 24. Qd5 Ra6 25. c5 dxc5 26. Nxc5 Ra5 27. Rde1 Qd4 28. Rxe5 Qxd5 29. Rxd5 Ne7 30. Rg5 h6 31. Ne6 Rxg5 32. Nxf8 Rd5 33. Ne6 Rd2 34. g3 Ng6 35. Rc1 Re2 36. Nd4 Rd2 37. Nf5 Rd5 38. g4 Rd7 39. f3 Kh7 40. h4 Ne7 41. Ng3 Ng6 42. h5 Ne5 43. Rc3 Rf7 44. Kg2 Rd7 45. Ne4 Re7 46. Kg3 Nf7 47. Rc5 Rd7 48. Rf5 Nd6 49. Rd5 Nxe4+ 50. fxe4 Ra7 51. Kf4 Kg8 52. e5 Kf7 53. Kf5 Ke7 54. e6 Ra3 55. Rd7+ Ke8 56. Rxg7 Ra5+ 57. Kg6 Re5 58. Kf6 Re4 59. Rg8# 1-0


[Site "https://www.chess.com"]

[Event "Titled Tuesday Blitz January 03 Early 2023"]
[White "Kobalia, Mikhail"]
[Black "Suleymanli, Suleyman"]
[WhiteFideId "4119150"]
[BlackFideId "13416375"]
[WhiteElo "2578"]
[BlackElo "2269"]
[Result "0-1"]
[Round "03"]
[TimeControl "180+2"]
[Date "2023.01.03"]
[WhiteClock "0:00:04"]
[BlackClock "0:01:22"]

1. e4 e6 2. d3 d5 3. Nd2 c5 4. Ngf3 Nc6 5. g3 g6 6. Bg2 Bg7 7. O-O Nge7 8. Re1 O-O 9. e5 Qc7 10. Qe2 b5 11. c3 a5 12. d4 cxd4 13. cxd4 Ba6 14. Nb3 a4 15. Nbd2 Nf5 16. Rb1 b4 17. Qd1 Ncxd4 18. Nxd4 Nxd4 19. Bf1 Nc2 20. Bxa6 Nxe1 21. Be2 Nc2 22. Nf3 b3 23. axb3 axb3 24. Bg5 Ra2 25. h4 Rfa8 26. Qd2 Bxe5 27. Nxe5 Qxe5 28. Kh2 Qd4 29. Bd3 Rxb2 30. Rxb2 Qxb2 31. Qf4 Qd4 0-1


[Site "https://www.chess.com"]

[Event "Titled Tuesday Blitz January 03 Early 2023"]
[White "Sanal, Vahap"]
[Black "Atakhan, Abtin"]
[WhiteFideId "6300545"]
[BlackFideId "22502203"]
[WhiteElo "2600"]
[BlackElo "2422"]
[Result "1-0"]
[Round "03"]
[TimeControl "180+2"]
[Date "2023.01.03"]
[WhiteClock "0:00:11"]
[BlackClock "0:00:05"]

1. e4 c5 2. Nc3 Nc6 3. Bb5 Nd4 4. a4 e6 5. Nge2 a6 6. Bc4 Nc6 7. d4 cxd4 8. Nxd4 Nf6 9. O-O Qc7 10. Nxc6 Qxc6 11. Qd3 Qc7 12. h3 h5 13. Bg5 Bc5 14. Rfe1 Qe5 15. Be3 d6 16. Rad1 Bd7 17. Nd5 Bxe3 18. Rxe3 O-O 19. Nxf6+ Qxf6 20. e5 dxe5 21. Rf3 Qh4 22. g3 Qg5 23. Qe3 Qxe3 24. Rxe3 Bc6 25. Rxe5 Bxa4 26. b3 Bc6 27. f4 g6 28. Kf2 Rad8 29. Bd3 Kg7 30. g4 hxg4 31. hxg4 Rh8 32. Kg3 Rd4 33. Rde1 b5 34. f5 gxf5 35. gxf5 Rdh4 36. fxe6 Rh3+ 37. Kf2 Rh2+ 38. Ke3 R8h3+ 39. Kd4 fxe6 40. Rxe6 Bf3 41. Re7+ Kf6 42. R1e6+ Kg5 43. Rg7+ Kh4 44. Rh6+ Bh5 45. Bf5 Rg3 46. Rxh5+ Kxh5 47. Rxg3 Rd2+ 48. Bd3 Kh4 49. Rg6 a5 50. Ra6 a4 51. bxa4 bxa4 52. Rxa4 Kg4 53. Ke3+ Kg3 54. Kxd2 1-0


[Site "https://www.chess.com"]

[Event "Titled Tuesday Blitz January 03 Early 2023"]
[White "Gunina, Valentina"]
[Black "Levitskiy, Andrey"]
[WhiteFideId "4167570"]
[BlackFideId "14132885"]
[WhiteElo "2469"]
[BlackElo "2304"]
[Result "1-0"]
[Round "03"]
[TimeControl "180+2"]
[Date "2023.01.03"]
[WhiteClock "0:01:13"]
[BlackClock "0:00:01"]

1. d4 Nf6 2. c4 e6 3. Nf3 Bb4+ 4. Bd2 Qe7 5. e3 O-O 6. Bd3 Bxd2+ 7. Qxd2 d6 8. O-O e5 9. Bc2 Bg4 10. Nc3 Bxf3 11. gxf3 Nbd7 12. Kh1 c6 13. Rg1 Rfe8 14. f4 exf4 15. exf4 Nh5 16. Rg5 Ndf6 17. Rag1 g6 18. f5 Qf8 19. fxg6 fxg6 20. f4 Kh8 21. f5 gxf5 22. Bxf5 Qf7 23. d5 Rg8 24. Be6 Qe7 25. Bxg8 Rxg8 26. Rxg8+ Nxg8 27. Qd4+ Ngf6 28. b4 c5 29. bxc5 dxc5 30. Qf2 Qe5 31. Qxc5 Ng7 32. Qf8+ Ng8 33. Qf3 Nf6 34. c5 Nf5 35. Rf1 Ne3 36. Qxf6+ Qxf6 1-0


[Site "https://www.chess.com"]

[Event "Titled Tuesday Blitz January 03 Early 2023"]
[White "Dev, Shah"]
[Black "Ter-Sahakyan, Samvel"]
[WhiteFideId "35019058"]
[BlackFideId "13302531"]
[WhiteElo "2334"]
[BlackElo "2617"]
[Result "0-1"]
[Round "03"]
[TimeControl "180+2"]
[Date "2023.01.03"]
[WhiteClock "0:00:15"]
[BlackClock "0:02:11"]

1. d4 Nf6 2. c4 e6 3. g3 c5 4. d5 exd5 5. cxd5 d6 6. Nc3 g6 7. Nf3 Bg7 8. Bg2 O-O 9. O-O Re8 10. Nd2 a6 11. a4 Nbd7 12. Nc4 Ne5 13. Nxe5 Rxe5 14. e4 Re8 15. h3 Rb8 16. a5 Nd7 17. Bf4 Ne5 18. Ra4 Bd7 19. Be3 Bxa4 20. Qxa4 b5 21. axb6 Rxb6 22. f4 Nd3 23. e5 dxe5 24. f5 e4 25. fxg6 hxg6 26. Nxe4 Rxb2 27. Qxa6 Rxg2+ 28. Kxg2 Qxd5 0-1


[Site "https://www.chess.com"]

[Event "Titled Tuesday Blitz January 03 Early 2023"]
[White "Nenezic, Marko"]
[Black "Torres Dominguez, David"]
[WhiteFideId "912123"]
[BlackFideId "2220857"]
[WhiteElo "2514"]
[BlackElo "1994"]
[Result "1-0"]
[Round "03"]
[TimeControl "180+2"]
[Date "2023.01.03"]
[WhiteClock "0:01:58"]
[BlackClock "0:00:18"]

1. Nf3 d5 2. g3 c6 3. Bg2 Bf5 4. O-O h6 5. d3 Nf6 6. Nbd2 e6 7. Qe1 Bh7 8. e4 Be7 9. Qe2 O-O 10. b3 a5 11. a3 Re8 12. Bb2 Na6 13. Nh4 a4 14. b4 c5 15. b5 Nc7 16. c4 d4 17. e5 Nd7 18. Bxb7 Rb8 19. Bc6 Rf8 20. Nhf3 Na8 21. Rfe1 Nab6 22. Nf1 Kh8 23. h4 f6 24. exf6 Bxf6 25. N1d2 e5 26. Be4 Qe7 27. Bxh7 Kxh7 28. Ne4 Nc8 29. Nfd2 Ndb6 30. Qg4 Rb7 31. Re2 1-0


[Site "https://www.chess.com"]

[Event "Titled Tuesday Blitz January 03 Early 2023"]
[White "Coelho, Ramyres Santana"]
[Black "Naroditsky, Daniel"]
[WhiteFideId "2120690"]
[BlackFideId "2026961"]
[WhiteElo "1981"]
[BlackElo "2618"]
[Result "0-1"]
[Round "03"]
[TimeControl "180+2"]
[Date "2023.01.03"]
[WhiteClock "0:01:57"]
[BlackClock "0:02:34"]

1. e4 c6 2. d4 d5 3. Nc3 dxe4 4. Nxe4 Nf6 5. Nxf6+ exf6 6. Nf3 Bd6 7. Be3 O-O 8. Qd2 Be6 9. Bd3 Qc7 10. h3 Bd5 11. c4 a5 12. cxd5 Bb4 13. O-O Bxd2 14. Nxd2 cxd5 15. Rac1 Nc6 16. g4 Rfe8 17. a3 Rxe3 18. fxe3 Qg3+ 19. Kh1 Qxh3+ 20. Kg1 Qxe3+ 21. Rf2 Qxd3 22. Nf3 Nxd4 23. Nxd4 Qxd4 24. Kf1 Qxg4 25. Rfc2 h5 26. Rg2 Qf4+ 0-1


[Site "https://www.chess.com"]

[Event "Titled Tuesday Blitz January 03 Early 2023"]
[White "Tatarinov, Dmitry"]
[Black "Erigaisi Arjun"]
[WhiteFideId "24160067"]
[BlackFideId "35009192"]
[WhiteElo "2310"]
[BlackElo "2701"]
[Result "1-0"]
[Round "03"]
[TimeControl "180+2"]
[Date "2023.01.03"]
[WhiteClock "0:00:26"]
[BlackClock "0:00:08"]

1. d4 Nf6 2. Nf3 e6 3. c4 b6 4. g3 Ba6 5. b3 Bb4+ 6. Bd2 Be7 7. Bg2 O-O 8. O-O c6 9. Bc3 d5 10. Nbd2 Nbd7 11. Qc2 Rc8 12. e4 c5 13. exd5 exd5 14. Rfd1 b5 15. dxc5 dxc4 16. b4 Bb7 17. a4 a5 18. axb5 axb4 19. c6 bxc3 20. Nxc4 Bxc6 21. bxc6 Rxc6 22. Nfe5 Rc5 23. Ra7 Nxe5 24. Rxd8 Bxd8 25. Nxe5 Rxe5 26. Qxc3 Re2 27. Rb7 h5 28. Bf3 Re6 29. h4 Bb6 30. Kg2 Rd8 31. Qb4 Rdd6 32. Rb8+ Kh7 33. Qb1+ g6 34. Rb7 Kg7 35. Qb2 Bd4 36. Qb3 Nd7 37. Bd5 Re2 38. Bxf7 Rxf2+ 39. Kh3 Rxf7 40. Qb5 Bf6 41. Rc7 Ne5 42. Rc8 Ng4 43. Qe8 Rfd7 44. Qh8+ Kf7 45. Qg8+ Ke7 46. Qe8# 1-0


[Site "https://www.chess.com"]

[Event "Titled Tuesday Blitz January 03 Early 2023"]
[White "rhinobritos"]
[Black "Salimova, Nurgyul"]
[BlackFideId "2915138"]
[WhiteElo "2994"]
[BlackElo "2391"]
[Result "0-1"]
[Round "03"]
[TimeControl "180+2"]
[Date "2023.01.03"]
[WhiteClock "0:00:02"]
[BlackClock "0:00:03"]

1. d4 Nf6 2. c4 e6 3. Nc3 Bb4 4. e3 O-O 5. Ne2 d5 6. a3 Bd6 7. Ng3 c6 8. Bd3 dxc4 9. Bxc4 e5 10. O-O exd4 11. exd4 Nbd7 12. h3 Nb6 13. Ba2 Re8 14. Bg5 h6 15. Bxf6 Qxf6 16. Nge4 Qg6 17. Qf3 Bc7 18. Rfe1 Be6 19. Bxe6 Qxe6 20. Re2 Qc4 21. Rae1 Rf8 22. Nc5 Qxd4 23. Nxb7 Nd5 24. Nxd5 cxd5 25. Re7 Rac8 26. b4 Bb6 27. Nd6 Rc2 28. Rf1 Rc3 29. Qf5 g6 30. Qd7 Qf4 31. Ne8 Rc1 32. Rxc1 Qxc1+ 33. Kh2 Qf4+ 34. Kh1 Qc1+ 35. Kh2 Qf4+ 36. Kh1 Qxf2 37. Nf6+ Qxf6 0-1


[Site "https://www.chess.com"]

[Event "Titled Tuesday Blitz January 03 Early 2023"]
[White "Dominguez Perez, Leinier"]
[Black "Bayramov, Zaur"]
[WhiteFideId "3503240"]
[BlackFideId "13405080"]
[WhiteElo "2739"]
[BlackElo "2276"]
[Result "1-0"]
[Round "03"]
[TimeControl "180+2"]
[Date "2023.01.03"]
[WhiteClock "0:02:08"]
[BlackClock "0:02:30"]

1. e4 g6 2. d4 Bg7 3. Nc3 d6 4. Be3 c6 5. Qd2 Nf6 6. Bh6 O-O 7. Nf3 b5 8. Bd3 b4 9. Ne2 c5 10. Bxg7 Kxg7 11. dxc5 dxc5 12. e5 Nd5 13. Be4 e6 14. Nf4 Bb7 15. O-O-O Qa5 16. Nh5+ 1-0


[Site "https://www.chess.com"]

[Event "Titled Tuesday Blitz January 03 Early 2023"]
[White "Krysa, Leandro"]
[Black "Timofeev, Artyom"]
[WhiteFideId "116807"]
[BlackFideId "4140419"]
[WhiteElo "2541"]
[BlackElo "2567"]
[Result "1/2-1/2"]
[Round "03"]
[TimeControl "180+2"]
[Date "2023.01.03"]
[WhiteClock "0:00:04"]
[BlackClock "0:00:23"]

1. e4 c5 2. Nf3 Nc6 3. d4 cxd4 4. Nxd4 e5 5. Nb5 a6 6. Nd6+ Bxd6 7. Qxd6 Qe7 8. Qxe7+ Ngxe7 9. c4 Nd4 10. Bd3 Nec6 11. Nc3 Nb4 12. Kd2 d6 13. Nd5 Nxd5 14. exd5 Bf5 15. b3 Bxd3 16. Kxd3 h5 17. Bb2 Nf5 18. b4 f6 19. Rac1 Kd7 20. f4 exf4 21. Ke4 Ne7 22. c5 Rac8 23. Rhd1 Rhe8 24. Kxf4 Ng6+ 25. Kf3 Ne5+ 26. Kf4 g5+ 27. Kf5 Ng4 28. Re1 Ne3+ 29. Kxf6 Nxd5+ 30. Kxg5 Rg8+ 31. Kf5 Rxg2 32. Bd4 Nxb4 33. cxd6 Rxc1 34. Rxc1 Nc6 35. Bc5 Nd8 36. a4 Ne6 37. Be3 Kxd6 38. Rd1+ Ke7 39. Rb1 Nf8 40. Bc5+ Ke8 41. Rxb7 Nd7 42. Bd6 Ra2 43. Ra7 Rxa4 44. Ke6 Re4+ 45. Kf5 Rd4 46. Ke6 Re4+ 47. Kf5 Re2 48. Rxa6 Rd2 49. Ke6 Re2+ 50. Kf5 Rf2+ 51. Ke6 Re2+ 52. Kf5 1/2-1/2


[Site "https://www.chess.com"]

[Event "Titled Tuesday Blitz January 03 Early 2023"]
[White "Diaz Villagran, Robert"]
[Black "Kamsky, Gata"]
[WhiteFideId "3404056"]
[BlackFideId "2000024"]
[WhiteElo "2315"]
[BlackElo "2665"]
[Result "0-1"]
[Round "03"]
[TimeControl "180+2"]
[Date "2023.01.03"]
[WhiteClock "0:00:10"]
[BlackClock "0:00:12"]

1. e4 c6 2. d4 d5 3. f3 e6 4. Nc3 Bb4 5. Bf4 Bxc3+ 6. bxc3 b6 7. a4 Ba6 8. Bxa6 Nxa6 9. Ne2 Ne7 10. O-O O-O 11. Ng3 Ng6 12. Bc1 f5 13. exf5 exf5 14. Qd3 Qc8 15. Re1 Nc7 16. Ba3 Rf7 17. Nh5 Qd7 18. a5 b5 19. Re2 Re8 20. Rae1 Rxe2 21. Qxe2 f4 22. g4 fxg3 23. hxg3 Qf5 24. g4 Qd7 25. Bc5 a6 26. Bb6 Re7 27. Qf2 Rxe1+ 28. Qxe1 Ne6 29. Qe3 Qd6 30. Kg2 Ngf4+ 31. Nxf4 Nxf4+ 32. Kf1 Ne6 33. Kg2 Kf7 34. Bc5 Qf4 35. Qe2 g6 36. Qf2 h5 37. Qh4 Qg5 38. Qg3 Nf4+ 39. Kf2 hxg4 40. fxg4 Qf6 41. Qf3 Ne6 42. Kg3 Qxf3+ 43. Kxf3 Ng5+ 44. Ke3 Ke6 45. Bb4 Ne4 46. Kf4 Kf6 47. g5+ Nxg5 48. Bd6 Ne4 49. Be5+ Ke6 50. Kg4 Nxc3 51. Kg5 Na2 52. Kxg6 Nb4 53. c3 Na2 0-1


[Site "https://www.chess.com"]